Map: 2000 Atmospheres LE

Players

Gerald - Winner!

  • Race: Protoss Protoss

ShaDoWn

  • Race: Protoss Protoss

Event: DreamHack SC2 Masters 2021 Winter

VOD

Have the link to the VOD?

Description

Time

  • Played on: Oct. 10, 2021, 3:07 p.m.
  • Length: 7:37

All games in this series

Show
View Real Time Build Order
Export as new Build Order

Gerald Protoss - Winner!

Build Orders: Oracle Opening 

Get SALT Encoding   

  12  0:00  Probe  
  13  0:12  Probe  
  14  0:17  Pylon  
  14  0:24  Probe (Chrono Boost)  
  15  0:36  Probe (Chrono Boost)  
  15  0:38  Gateway  
  16  0:43  Probe (Chrono Boost)  
  16  0:46  Assimilator  
  17  0:51  Probe  
  17  0:54  Assimilator  
  18  1:03  Probe (Chrono Boost)  
  19  1:08  Gateway  
  20  1:12  Probe (Chrono Boost)  
  20  1:17  Probe (Chrono Boost)  
  21  1:28  Cybernetics Core  
  21  1:30  Probe  
  22  1:34  Pylon  
  22  1:43  Probe  
  23  1:55  Probe  
  24  2:04  Stalker x2  
  24  2:05  Warp Gate  
  24  2:07  Probe  
  29  2:12  Pylon  
  29  2:17  Pylon  
  29  2:20  Probe  
  30  2:32  Stargate  
  30  2:33  Probe  
  31  2:45  Stalker x2  
  34  2:56  Probe  
  35  3:12  Nexus  
  35  3:15  Oracle (Chrono Boost)  
  38  3:24  Probe  
  39  3:32  Pylon  
  39  3:45  Twilight Council  
  39  3:46  Probe  
  39  3:59  Probe  
  40  4:11  Probe  
  41  4:24  Probe (Chrono Boost)  
  42  4:25  Probe (Chrono Boost)  
  42  4:29  Shield Battery  
  42  4:30  Adept x2  
  47  4:34  Probe (Chrono Boost)  
  47  4:36  Probe (Chrono Boost)  
  47  4:38  Probe (Chrono Boost)  
  47  4:42  Blink (Chrono Boost)  
  47  4:45  Oracle, Probe  
  52  4:50  Probe  
  53  4:56  Stalker x2  
  53  4:57  Probe  
  58  5:02  Forge  
  58  5:04  Probe  
  59  5:09  Probe  
  60  5:16  Probe  
  60  5:18  Pylon  
  59  5:21  Probe  
  59  5:22  Shield Battery  
  59  5:23  Stalker  
  59  5:26  Protoss Ground Weapons Level 1  
  59  5:28  Probe  
  61  5:38  Gateway  
  61  5:45  Pylon  
  60  5:53  Nexus  
  60  5:56  Stalker x2  
  64  6:03  Gateway  
  64  6:23  Stalker x2  
  64  6:25  Shield Battery  
  65  6:27  Photon Cannon  
  65  6:31  Gateway x2  
  65  6:34  Shield Battery  
  65  6:35  Stalker  
  67  6:44  Probe x2  
  67  6:46  Assimilator  
  69  6:48  Stalker x2  
  73  6:56  Probe x2  
  75  7:05  Probe  
  75  7:08  Probe x2  
  78  7:16  Gateway x2  
  78  7:18  Probe  
  71  7:24  Probe  
Show
View Real Time Build Order
Export as new Build Order

ShaDoWn Protoss 

Build Orders:  

Get SALT Encoding   

  12  0:00  Probe  
  13  0:12  Probe  
  14  0:17  Pylon  
  14  0:24  Probe (Chrono Boost)  
  15  0:36  Gateway, Probe (Chrono Boost)  
  16  0:45  Probe (Chrono Boost)  
  16  0:46  Assimilator  
  17  0:51  Probe  
  17  0:54  Assimilator  
  18  1:03  Probe (Chrono Boost)  
  19  1:07  Gateway  
  19  1:13  Probe (Chrono Boost)  
  19  1:18  Probe (Chrono Boost)  
  20  1:23  Cybernetics Core  
  21  1:29  Probe  
  22  1:38  Pylon  
  22  1:41  Probe  
  23  1:56  Probe  
  23  2:00  Stalker x2  
  28  2:02  Warp Gate  
  28  2:15  Pylon  
  28  2:30  Stalker  
  28  2:33  Stalker  
  32  2:54  Probe  
  32  2:55  Nexus  
  33  3:06  Probe  
  34  3:16  Pylon  
  34  3:17  Sentry  
  34  3:18  Probe, Sentry  
  39  3:25  Pylon  
  39  3:30  Probe  
  38  3:42  Probe  
  38  3:45  Shield Battery  
  39  3:51  Robotics Facility  
  39  3:54  Probe  
  40  3:57  Adept x2  
  44  4:09  Probe  
  43  4:12  Probe  
  42  4:22  Stalker x2  
  43  4:26  Probe  
  43  4:29  Probe (Chrono Boost)  
  45  4:38  Probe (Chrono Boost)  
  46  4:41  Probe (Chrono Boost)  
  47  4:48  Probe (Chrono Boost)  
  47  4:49  Probe (Chrono Boost)  
  47  4:50  Sentry  
  51  4:53  Observer  
  51  4:55  Probe (Chrono Boost)  
  51  4:58  Probe (Chrono Boost)  
  54  5:04  Probe (Chrono Boost)  
  54  5:05  Probe (Chrono Boost)  
  56  5:08  Twilight Council  
  56  5:09  Probe, Forge  
  56  5:12  Probe  
  57  5:15  Stalker  
  57  5:21  Probe  
  59  5:24  Probe  
  60  5:33  Probe  
  60  5:34  Pylon  
  61  5:36  Probe  
  61  5:41  Blink (Chrono Boost)  
  62  5:45  Probe  
  62  5:47  Assimilator x2  
  62  5:48  Probe  
  62  5:49  Pylon  
  60  5:57  Probe  
  60  6:00  Probe  
  62  6:06  Nexus  
  62  6:09  Probe  
  62  6:10  Stalker  
  62  6:15  Probe (Chrono Boost)  
  54  6:21  Probe (Chrono Boost)  
  53  6:27  Probe (Chrono Boost)  
  53  6:32  Probe (Chrono Boost)  
  55  6:34  Immortal, Probe (Chrono Boost)  
  55  6:37  Probe (Chrono Boost)  
  57  6:40  Stalker  
  57  6:41  Probe  
  56  6:48  Probe  
  56  6:53  Probe  
  58  6:54  Stalker  
  58  7:00  Probe  
  58  7:01  Shield Battery  
  61  7:04  Stalker  
  61  7:05  Probe  
  64  7:12  Probe  
  65  7:18  Probe x2  
  65  7:20  Stalker  
  60  7:24  Probe  

Tags
 
Add a new tag
Caveats
  • Supply blocks, unpowered buildings, or Contaminate may cause inaccurate times.
  • Supply counts are checked every 10 seconds.